 Dungeon Crawl Stone Soup version 0.26.1-11-gd32895ea62 (webtiles) character file.

Game seed: 15924249224021869807

279 Gabide the Twirler (level 6, -2/46 HPs)
             Began as a Human Gladiator on May 27, 2021.
             Was a Follower of Nemelex Xobeh.
             Slain by H0rd4k's ghost (4 damage)
             ... on level 4 of the Dungeon.
             The game lasted 00:12:20 (4515 turns).

Gabide the Twirler (Human Gladiator)                Turns: 4515, Time: 00:12:21

Health: -2/46      AC:  5    Str: 16    XL:     6   Next: 52%
Magic:  6/6        EV: 11    Int:  8    God:    Nemelex Xobeh [*.....]
Gold:   200        SH:  0    Dex: 15    Spells: 5/5 levels left

rFire    . . .     SeeInvis .   p - +0 halberd
rCold    . . .     Faith    .   (shield currently unavailable)
rNeg     + . .     Spirit   .   h - +0 scale mail
rPois    .         Reflect  .   c - +0 helmet
rElec    .         Harm     .   (no cloak)
rCorr    .         Rampage  .   n - +0 pair of gloves
Will     .....                  (no boots)
Stlth    ..........             e - amulet of magic regeneration
HPRegen  0.15/turn              m - ring of positive energy
MPRegen  0.35/turn              (no ring)

@: hasted, very quick
A: deformed body
a: Renounce Religion, Draw Escape, Draw Destruction, Draw Summoning


You were on level 4 of the Dungeon.
You worshipped Nemelex Xobeh.
Nemelex Xobeh was aware of your devotion.
You visited 1 branch of the dungeon, and saw 4 of its levels.

You collected 200 gold pieces.

Inventory:

Hand Weapons
 p - a +0 halberd (weapon)
Missiles
 o - 2 throwing nets (quivered)
 u - 7 curare-tipped darts
Armour
 a - the +1 robe of Komemoh {*Contam +Blink +Fly rF+++}
   (You found it on level 4 of the Dungeon)

   It renders you almost immune to fire.
   It lets you fly.
   It lets you blink.
   It causes magical contamination when unequipped.
 c - a +0 helmet (worn)
 h - a +0 scale mail (worn)
 n - a +0 pair of gloves (worn)
Jewellery
 e - an amulet of magic regeneration (around neck)
 m - a ring of positive energy (left hand)
Wands
 d - a wand of random effects (20)
 k - a wand of acid (11)
Scrolls
 g - 2 scrolls of teleportation
 r - a scroll of amnesia {unknown}
 s - a scroll of identify
 t - a scroll of random uselessness {unknown}
Potions
 b - a potion of ambrosia
 f - a potion of degeneration {unknown}
 i - 2 potions of curing
 j - a potion of brilliance
 l - 3 potions of haste
 q - a potion of might {unknown}


   Skills:
 + Level 2.9 Fighting
 * Level 1.4(3.7) Polearms
 - Level 5.5(5.6) Staves
 + Level 2.2 Throwing
 + Level 1.5 Armour
 + Level 3.4 Dodging


You had 5 spell levels left.
You didn't know any spells.
Your spell library was empty.

Dungeon Overview and Level Annotations

Branches:
Dungeon (4/15)
 Temple: D:4-7

Altars:
Fedhas
Makhleb
Nemelex Xobeh
Ru

Annotations:
D:4 H0rd4k's ghost, amateur OpTm


Innate Abilities, Weirdness & Mutations

Armour fits poorly on your strangely shaped body.


Message History

H0rd4k's ghost hits you but does no damage.
H0rd4k's ghost hits you.
You hit H0rd4k's ghost.
H0rd4k's ghost is almost destroyed.
H0rd4k's ghost hits you.
* * * LOW HITPOINT WARNING * * *
You hit H0rd4k's ghost.
H0rd4k's ghost is almost destroyed.
H0rd4k's ghost grins evilly.
H0rd4k's ghost hits you.
* * * LOW HITPOINT WARNING * * *
You feel better.
H0rd4k's ghost hits you but does no damage.
You feel yourself speed up. H0rd4k's ghost hits you!
* * * LOW HITPOINT WARNING * * *
You hit H0rd4k's ghost.
H0rd4k's ghost is almost destroyed.
H0rd4k's ghost hits you.
You die...
Your body disappears without a glow.

###r########....####....
#.........#....'..#....
#.........#....#..'....
#..##.#####....####....
#..##.###.###..........
#...#.†.....#..........
#...#.......#..........
#..###W####'#..........
##+###@##.......#######
#...>...#.......#...#..
#.......#.......#...'..
######..#.......#####..
#..###..###'##....###..
#..#.........#....)....
#..#.........#)...#)...
#..###########....#.###
#'##...........#######.


You could see H0rd4k's ghost.

Vanquished Creatures
  2 orc wizards (D:3)
  4 adders
  4 gnolls (D:4)
  A river rat (D:4)
  An adder skeleton (D:2)
  3 dart slugs
  8 leopard geckos
  12 orcs
  4 giant cockroaches
  9 goblins
  8 hobgoblins
  6 jackals (D:1)
  2 quokkas
  A ball python (D:3)
  8 bats
  5 frilled lizards
  5 kobolds
  11 rats
94 creatures vanquished.

Vanquished Creatures (others)
  An orc priest (D:3)
1 creature vanquished.

Grand Total: 95 creatures vanquished

Notes
Turn   | Place    | Note
-------+----------+-------------------------------------------
     0 | D:1      | Gabide the Human Gladiator began the quest for the Orb.
     0 | D:1      | Reached XP level 1. HP: 16/16 MP: 1/1
    41 | D:1      | Reached XP level 2. HP: 20/22 MP: 2/2
   182 | D:1      | Reached XP level 3. HP: 27/27 MP: 3/3
   469 | D:1      | Reached skill level 4 in Staves
   895 | D:1      | Reached XP level 4. HP: 31/34 MP: 4/4
  1853 | D:2      | Reached XP level 5. HP: 39/39 MP: 5/5
  1890 | D:2      | Found a burning altar of Makhleb.
  2160 | D:3      | Reached skill level 1 in Armour
  2482 | D:3      | Reached skill level 5 in Staves
  2590 | D:3      | Reached XP level 6. HP: 36/46 MP: 6/6
  2963 | D:3      | Found a sparkling altar of Nemelex Xobeh.
  2977 | D:3      | Became a worshipper of Nemelex Xobeh the Trickster
  3337 | D:3      | Found a sacrificial altar of Ru.
  3608 | D:4      | Got a heavily jewelled robe
  3624 | D:4      | Identified the cursed +1 robe of Komemoh {*Contam +Blink
                  | +Fly rF+++} (You found it on level 4 of the Dungeon)
  3640 | D:4      | Gained mutation: Armour fits poorly on your strangely
                  | shaped body. [mutagenic glow]
  3862 | D:4      | Reached * piety under Nemelex Xobeh
  3898 | D:4      | Reached skill level 1 in Polearms
  4054 | D:4      | Found a blossoming altar of Fedhas.
  4438 | D:4      | Found a runed translucent door.
  4439 | D:4      | Noticed H0rd4k's ghost (amateur OpTm)
  4514 | D:4      | HP: 2/46 [H0rd4k's ghost (8)]
  4515 | D:4      | Slain by H0rd4k's ghost

Illustrated notes

Levels and vault maps discovered:
D:1:      sevenhm_arrival_forest_fort_small_3, layout_rooms, minmay_pentomino_r4
D:2:      layout_loops_ring, general_overflow_altar, minmay_misc_feat_tower
D:3:      layout_loops_corners, nemelex_xobeh_ov_fountains_minmay,
          minmay_door_square, nicolae_ru_path_of_blood
D:4:      layout_gridville, marbit_many_paths, ebering_ghost_sewer_f,
          grunt_decor_fettered, minmay_misc_feat_room, grunt_tough_drop

Skill      XL: |  1  2  3  4  5  6 |
---------------+-------------------+-----
Staves         | 4 5 |  5.5
Armour         | 1 |  1.5
Polearms       | 1 |  1.4
Fighting       | |  2.9
Throwing       | |  2.2
Dodging        | |  3.4

Action                   |  1- 3 |  4- 6 || total
-------------------------+-------+-------++-------
Melee: Quarterstaff      |   129 |   187 ||   316
       Halberd           |       |    46 ||    46
Throw: Throwing net      |     4 |     6 ||    10
  Use: Scroll            |     3 |    11 ||    14
       Potion            |       |     3 ||     3
 Stab: Held in net/web   |     1 |       ||     1
       Sleeping          |     1 |       ||     1
       Invisible         |       |     1 ||     1
Armor: Leather armour    |    31 |     8 ||    39
       Scale mail        |       |    68 ||    68
Dodge: Dodged            |   113 |   150 ||   263
